 Dungeon Crawl Stone Soup version 0.26.0-57-g60708a5e39 (webtiles) character file.

Game seed: 406638085703049987

297 PentaManta the Changer (level 6, 0/47 HPs)
             Began as a Draconian Transmuter on Feb 1, 2021.
             Slain by a quokka (4 damage)
             ... summoned by Eustachio
             ... on level 4 of the Dungeon.
             The game lasted 00:06:21 (3636 turns).

PentaManta the Changer (Draconian Transmuter)       Turns: 3636, Time: 00:06:22

Health: 0/47       AC: 10    Str: 13    XL:     6   Next: 12%
Magic:  9/11       EV: 12    Int: 13    God:
Gold:   88         SH:  0    Dex: 13    Spells: 1/11 levels left

rFire    . . .     SeeInvis .     - Unarmed
rCold    . . .     Faith    .   (no shield)
rNeg     . . .     Spirit   .   (armour unavailable)
rPois    .         Reflect  .   (helmet restricted)
rElec    .         Harm     .   d - +1 cloak
rCorr    .         Rampage  .   (no gloves)
Will     .....                  q - +1 pair of boots
Stlth    +.........             (no amulet)
HPRegen  0.15/turn              (no ring)
MPRegen  0.12/turn              (no ring)

@: no status effects
A: unfitting armour, cold-blooded, AC +6
a: no special abilities


You were on level 4 of the Dungeon.
You visited 1 branch of the dungeon, and saw 4 of its levels.

You collected 88 gold pieces.

Inventory:

Missiles
 i - 4 boomerangs of dispersal
 j - 3 boomerangs
Armour
 d - a +1 cloak (worn)
 q - a +1 pair of boots (worn)
Jewellery
 p - an uncursed amulet of the acrobat {unknown}
Scrolls
 e - 3 scrolls of identify {unknown}
 g - a scroll of teleportation {unknown}
 k - a scroll of fog {unknown}
 m - a scroll of noise {unknown}
 n - a scroll of enchant weapon {unknown}
 o - 2 scrolls of remove curse {unknown}
Potions
 a - a potion of ambrosia {unknown}
 b - 5 potions of curing
 c - 2 potions of attraction {unknown}
 f - a potion of brilliance {unknown}
 h - 2 potions of might {unknown}
 l - a potion of heal wounds {unknown}


   Skills:
 - Level 1.1 Fighting
 - Level 1.7 Dodging
 - Level 3.1 Unarmed Combat
 + Level 3.3 Spellcasting
 - Level 5.0 Transmutations
 + Level 1.2 Ice Magic
 + Level 1.6 Poison Magic


You had one spell level left.
You knew the following spells:

 Your Spells              Type           Power        Failure   Level
a - Beastly Appendage     Tmut           30%          2%          1
b - Spider Form           Tmut/Pois      5%           17%         3
c - Ice Form              Ice/Tmut       10%          52%         4
d - Wereblood             Tmut           15%          4%          2

Your spell library contained the following spells:

 Spells                   Type           Power        Failure   Level
 Blade Hands              Tmut           7%           61%         5


Dungeon Overview and Level Annotations

Branches:
Dungeon (4/15)
 Temple: D:4-7

Altars:
Cheibriados
Kikubaaqudgha
Makhleb
Okawaru

Shops:
D:4 =

Annotations:
D:4 Eustachio


Innate Abilities, Weirdness & Mutations

Your plain brown scales are hard. (AC +6)
You cannot fit into any form of body armour.
You are cold-blooded and may be slowed by cold attacks.


Message History

The quokka bites you.
* * * LOW HITPOINT WARNING * * *
The quokka closely misses you. The ufetubus barely misses you.
The ufetubus misses you.
The ufetubus disappears in a puff of smoke!
The quokka misses you. The quokka barely misses you.
The ufetubus disappears in a puff of smoke!
Eustachio casts a spell.
Eustachio blinks!
The quokka misses you.
The ufetubus disappears in a puff of smoke!
You open the door.
Your transformation has ended.
Your +1 cloak unmelds from your body.
Your +1 pair of boots unmelds from your body.
The quokka bites you but does no damage.
The quokka barely misses you.
Eustachio gestures wildly while chanting.
The quokka bites you.
You die...

##.# ##.###...## ).#
'...#.....# ..#
#...#.....# ..#
##..#..... ..#
##..+.... ..# ##..##..#
..####
##..###'#########.....#
.#..........r..r@.....#
.#..........Z..r#.....#
.#..?..........5#.....#
.+.......)...@..#.....#
##..##..........#.....#
##..##..######+##.....#
#...##..# .....# #...
.... ...(.# # ....


You could see Eustachio, an ufetubus (summoned), 2 quokkas, a rat (summoned) and
a quokka skeleton.

Vanquished Creatures
  Crazy Yiuf (D:2)
  An orc priest (D:2)
  An orc wizard (D:2)
  Natasha (twice) (D:2)
  7 adders
  A worm (D:2)
  2 dart slugs
  2 leopard geckos
  8 orcs
  7 giant cockroaches
  3 goblins
  4 hobgoblins
  8 kobolds
  2 quokkas
  A ball python (D:4)
  9 bats
  3 frilled lizards
  A jackal skeleton (D:4)
  8 rats
71 creatures vanquished.

Vanquished Creatures (others)
  An orc wizard (D:2)
1 creature vanquished.

Grand Total: 72 creatures vanquished

Notes
Turn   | Place    | Note
-------+----------+-------------------------------------------
     0 | D:1      | PentaManta the Draconian Transmuter began the quest for the
                  | Orb.
     0 | D:1      | Reached XP level 1. HP: 16/16 MP: 3/3
   280 | D:1      | Reached XP level 2. HP: 23/23 MP: 5/5
   835 | D:2      | Reached skill level 3 in Transmutations
  1000 | D:2      | Reached XP level 3. HP: 28/28 MP: 6/6
  1102 | D:2      | Reached skill level 4 in Transmutations
  1102 | D:2      | Reached XP level 4. HP: 31/35 MP: 6/8
  1242 | D:2      | Learned a level 3 spell: Spider Form
  1247 | D:2      | Learned a level 4 spell: Ice Form
  1282 | D:2      | Found an iron altar of Okawaru.
  1298 | D:2      | Found a burning altar of Makhleb.
  1581 | D:2      | Reached XP level 5. HP: 17/40 MP: 7/9
  1916 | D:2      | Found a runed translucent door.
  1917 | D:2      | Noticed Crazy Yiuf
  1991 | D:2      | Noticed Natasha
  2008 | D:2      | Killed Natasha
  2135 | D:2      | Noticed Natasha
  2143 | D:2      | Killed Natasha
  2144 | D:2      | Reached skill level 1 in Poison Magic
  2250 | D:2      | Killed Crazy Yiuf
  2251 | D:2      | Reached skill level 1 in Ice Magic
  2843 | D:3      | Reached XP level 6. HP: 47/47 MP: 8/10
  3268 | D:3      | Found an ancient bone altar of Kikubaaqudgha.
  3338 | D:4      | Reached skill level 5 in Transmutations
  3355 | D:4      | Learned a level 2 spell: Wereblood
  3550 | D:4      | Found Nutietzaipa's Jewellery Emporium.
  3590 | D:4      | Found a snail-covered altar of Cheibriados.
  3613 | D:4      | Noticed Eustachio
  3636 | D:4      | Slain by a quokka

Illustrated notes

Levels and vault maps discovered:
D:1:      nzn_arrival_water_spiral, layout_basic
D:2:      layout_loops_ring, amethyst_overflow_temple_binary, kennysheep_potato,
          uniq_crazy_yiuf_cottage, uniq_natasha
D:3:      layout_loops_cross, nicolae_overflow_hidden_temple
D:4:      layout_gridville, cheibriados_altar_1, serial_shops, shop,
          trog_butcher_becter, uniq_eustachio

Skill      XL: |  1  2  3  4  5  6 |
---------------+-------------------+-----
Transmutations | 3 4 5 |  5.0
Spellcasting   | 3 |  3.3
Poison Magic   | 1 |  1.6
Ice Magic      | 1 |  1.2
Fighting       | |  1.1
Dodging        | |  1.7
Unarmed Combat | |  3.1

Action                   |  1- 3 |  4- 6 || total
-------------------------+-------+-------++-------
Melee: Unarmed           |    84 |   196 ||   280
       Tailslap          |     5 |    23 ||    28
       Kick              |     3 |    15 ||    18
       Headbutt          |     2 |    15 ||    17
 Cast: Beastly Appendage |     1 |     9 ||    10
       Spider Form       |       |     1 ||     1
 Stab: Sleeping          |       |     1 ||     1
Armor: Skin              |    29 |   103 ||   132
Dodge: Dodged            |    56 |   192 ||   248
